Thunder vs Atomiques
Created - February 27, 2020 at 23:06
Goals
|
| Thunder |
1 |
2 |
1 |
1 |
5 |
| Atomiques |
0 |
2 |
2 |
0 |
4 |
|
Shots
|
| Thunder |
9 |
13 |
5 |
1 |
28 |
| Atomiques |
8 |
12 |
13 |
1 |
34 |
|
1st period
1. Thunder , Eric Fehr 33 (Dany Roussin 30, Joey Ryan 23) at 4:02 (PP)
Penalties :
Travis Sanheim (STB) for Holding (Minor) at 3:45, Nikolay Prokhorkin (TRO) for Holding (Minor) at 5:26
2nd period
2. Thunder , William Karlsson 20 (Eric Fehr 44) at 7:32 (PP)
3. Atomiques , Corey Tropp 15 (Jonathan Huberdeau 29, Jordan Schmaltz 29) at 7:48
4. Atomiques , Corey Tropp 16 (Jonathan Huberdeau 30, Travis Sanheim 29) at 9:04
5. Thunder , Eric Fehr 34 (Vincent Dunn 1, Mikko Vainonen 9) at 19:50
Penalties :
Eric Mestery (STB) for Interference (Minor) at 7:22, Colby Cohen (STB) for Holding (Minor) at 9:46, Bobby Farnham (STB) for Hooking (Minor) at 16:18
3rd period
6. Atomiques , Jonathan Huberdeau 17 (Travis Sanheim 30) at 0:49
7. Atomiques , Kerby Rychel 8 (William Nylander 19, Nick Schmaltz 12) at 4:02
8. Thunder , Colby Cave 1 (Derek Forbort 9, Dany Roussin 31) at 14:33 (PP)
Penalties :
William Nylander (STB) for Holding (Minor) at 1:23, Travis Sanheim (STB) for Hooking (Minor) at 12:45, Bobby Farnham (STB) for Interference (Minor) at 19:26
Overtime #1
9. Thunder , Eric Fehr 35 (Joey Ryan 24) at 0:23 (PP)
Penalties :
No Penalty
Goalie Stats
Niklas Treutle (TRO), 30 saves from 34 shots - (0.882), W, 13-20-4, 60:23 minutes
Connor Hellebyuk (STB), 23 saves from 28 shots - (0.821), OTL, 19-13-4, 60:23 minutes
Players Stats for Thunder
Player Name G A P +/- PIM S H SB GA TA FO MP PP MP PK MP
------------------------------------------------------------------------------------
Artur Gavrus 0 0 0 0 0 0 0 0 0 0 0/0 0:56 0:00 0:33
Austin Poganski 0 0 0 0 0 2 0 0 0 0 1/1 12:41 0:15 0:00
Austin Wuthrich 0 0 0 0 0 2 3 0 1 0 1/1 18:10 3:45 0:00
Colby Cave 1 0 1 0 0 1 0 0 0 0 3/5 6:37 1:14 0:00
Dany Roussin 0 2 2 -3 0 4 1 0 0 0 1/1 21:54 4:45 0:58
David Wolf 0 0 0 0 0 3 3 0 1 0 0/0 18:49 3:45 0:39
Derek Forbort 0 1 1 1 0 1 0 0 0 0 0/0 18:52 3:18 0:49
Emil Johansson 0 0 0 0 0 0 0 0 0 0 0/0 4:44 0:00 0:00
Eric Fehr 3 1 4 -3 0 3 0 3 0 3 3/6 26:23 4:35 1:05
Gianluca Curcuruto 0 0 0 -1 0 0 0 1 0 0 0/0 9:43 0:00 0:00
Jamie McGinn 0 0 0 0 0 2 0 0 3 0 1/1 12:22 0:00 0:00
Jarrod Maidens 0 0 0 0 0 0 0 0 0 0 0/0 0:00 0:00 0:00
Jesper Pettersson 0 0 0 -1 0 1 0 0 0 0 0/0 9:43 0:00 0:00
Joey Ryan 0 2 2 -3 0 0 4 1 0 2 0/0 27:04 5:27 1:10
Jordan Weal 0 0 0 0 0 2 0 0 0 0 1/6 12:27 0:00 0:04
Mackenze Stewart 0 0 0 0 0 0 0 0 0 0 0/0 4:44 0:00 0:00
Michael Schumacher 0 0 0 0 0 0 0 0 0 0 0/0 1:10 0:34 0:00
Mikko Vainonen 0 1 1 1 0 0 0 0 0 0 0/0 18:52 3:18 0:49
Nikolay Prokhorkin 0 0 0 0 2 0 1 0 0 0 0/0 6:23 0:00 0:00
Peter Andersson 0 0 0 -3 0 1 1 1 1 1 0/0 27:04 5:27 1:10
Vincent Dunn 0 1 1 0 0 1 0 0 0 0 1/2 6:23 0:00 0:00
William Karlsson 1 0 1 -3 0 4 1 1 2 0 14/26 16:21 3:37 0:39
Zach Stepan 0 0 0 0 0 1 0 1 0 0 4/14 18:10 3:45 0:00
Players Stats for Atomiques
Player Name G A P +/- PIM S H SB GA TA FO MP PP MP PK MP
------------------------------------------------------------------------------------
Anthony Nigro 0 0 0 0 0 0 1 0 0 1 7/9 13:47 0:00 2:15
Bobby Farnham 0 0 0 0 4 1 0 0 1 0 0/0 8:33 0:05 0:00
Carl Dahlstrom 0 0 0 1 0 0 0 0 1 1 0/0 15:16 0:00 3:31
Colby Cohen 0 0 0 0 2 1 0 1 0 0 0/0 20:31 0:49 3:38
Connor Clifton 0 0 0 1 0 0 1 1 0 0 0/0 13:45 0:00 2:33
Corey Tropp 2 0 2 2 0 7 3 0 0 0 0/0 17:56 1:01 0:00
Dalton Smith 0 0 0 0 0 0 0 1 1 0 0/0 8:14 0:05 0:00
Eric Mestery 0 0 0 -1 2 0 4 0 0 2 0/0 19:43 0:49 2:54
Freddie Hamilton 0 0 0 0 0 0 0 0 1 1 0/0 7:55 0:00 0:00
Jacob De La Rose 0 0 0 0 0 1 1 0 0 0 1/1 15:45 0:00 4:58
Jonathan Huberdeau 1 2 3 2 0 8 0 1 0 0 1/1 19:29 1:01 1:23
Jordan Schmaltz 0 1 1 3 0 0 1 2 0 1 0/0 28:13 1:10 5:40
Kerby Rychel 1 0 1 1 0 2 1 0 1 0 0/1 13:23 0:53 0:00
Max Friberg 0 0 0 0 0 8 2 0 0 0 1/1 14:06 0:05 2:15
Nick Schmaltz 0 1 1 1 0 1 0 0 0 0 5/7 15:07 0:53 1:34
Oscar Sundqvist 0 0 0 2 0 1 2 1 0 1 17/42 23:24 1:01 5:28
Travis Sanheim 0 2 2 2 4 3 3 2 1 1 0/0 23:38 1:10 0:00
William Nylander 0 1 1 1 2 1 1 0 0 0 1/1 13:32 0:53 0:00
3 Stars
1 - Eric Fehr (TRO)
2 - Corey Tropp (STB)
3 - Jonathan Huberdeau (STB)
Power Play
Thunder - 4 on 7 Attempt(s) - 57.14%
Atomiques - 0 on 1 Attempt(s) - 0.00%
Penalty Kill
Thunder - 1 on 1 Attempt(s) - 100.00%
- Score 0 goal in Penalty Kill
Atomiques - 3 on 7 Attempt(s) - 42.86%
- Score 0 goal in Penalty Kill
Team Stat
Thunder - Hits : 14 - Faceoff Wins : 30 - Blocked Shots : 8 - Penalty Minutes : 2
Atomiques - Hits : 20 - Faceoff Wins : 33 - Blocked Shots : 9 - Penalty Minutes : 14
Official
Referees : Unknown
Linesman : Unknown
Game Notes
William Karlsson is injured at 7:19 of 3rd period (Sprained Left Knee)
Eric Fehr has scored a Hat Trick!
Finance
Level 1 -- Attendance: 1171 (58.55%) -- Ticket Income $46,840
Level 2 -- Attendance: 705 (70.50%) -- Ticket Income $14,100
Total Attendance: 1876 (62.53%)
Total Ticket Income: $60,940
Other Income: $3,047
Total Income: $63,987
Thunder
5 vs 5 Forward
Center Left Wing Right Wing Time % Phy DF OF
1 William Karlsson Dany Roussin Eric Fehr 40 1 2 2
2 Zach Stepan David Wolf Austin Wuthrich 30 1 2 2
3 Jordan Weal Jamie McGinn Austin Poganski 20 1 2 2
4 Vincent Dunn Nikolay Prokhorkin Eric Fehr 10 1 2 2
5 vs 5 Defense
Defense Defense Time % Phy DF OF
1 Joey Ryan Peter Andersson 40 1 2 2
2 Derek Forbort Mikko Vainonen 30 1 2 2
3 Gianluca Curcuruto Jesper Pettersson 20 1 2 2
4 Emil Johansson Mackenze Stewart 10 1 2 2
PowerPlay Forward
Center Left Wing Right Wing Time % Phy DF OF
1 William Karlsson Dany Roussin Eric Fehr 60 1 2 2
2 Zach Stepan David Wolf Austin Wuthrich 40 1 2 2
PowerPlay Defense
Defense Defense Time % Phy DF OF
1 Joey Ryan Peter Andersson 60 1 2 2
2 Derek Forbort Mikko Vainonen 40 1 2 2
Penalty Kill 4 Players Forward
Center Wing Time % Phy DF OF
1 Eric Fehr Dany Roussin 60 1 2 2
2 William Karlsson David Wolf 40 1 2 2
Penalty Kill 4 Players Defense
Defense Defense Time % Phy DF OF
1 Joey Ryan Peter Andersson 60 1 2 2
2 Derek Forbort Mikko Vainonen 40 1 2 2
Penalty Kill - 3 Players Forward
Forward Time % Phy DF OF
1 Eric Fehr 60 1 2 2
2 Dany Roussin 40 1 2 2
Penalty Kill - 3 Players Defense
Defense Defense Time % Phy DF OF
1 Joey Ryan Peter Andersson 60 1 2 2
2 Derek Forbort Mikko Vainonen 40 1 2 2
4 vs 4 Forward
Center Wing Time % Phy DF OF
1 Eric Fehr Dany Roussin 60 1 2 2
2 William Karlsson David Wolf 40 1 2 2
4 vs 4 Defense
Defense Defense Time % Phy DF OF
1 Joey Ryan Peter Andersson 60 1 2 2
2 Derek Forbort Mikko Vainonen 40 1 2 2
Last Minutes Offensive
Center Left Wing Right Wing Defense Defense
William Karlsson Dany Roussin Eric Fehr Joey Ryan Peter Andersson
Last Minutes Defensive
Center Left Wing Right Wing Defense Defense
William Karlsson Dany Roussin Eric Fehr Joey Ryan Peter Andersson
Goaltenders
Starting : Niklas Treutle
Backup : Jussi Rynnas
Extra Forwards
Normal : Colby Cave, Michael Schumacher, Artur Gavrus - PP : Colby Cave, Michael Schumacher - PK : Artur Gavrus
Extra Defensemen
Normal : Gianluca Curcuruto, Jesper Pettersson, Emil Johansson - PP : Gianluca Curcuruto - PK : Jesper Pettersson, Emil Johansson
Penalty Shots
Eric Fehr, Dany Roussin, William Karlsson, David Wolf, Jamie McGinn
Scratches
Trevor Lewis (Severed Right Wrist Tendon Injury), Mason McDonald (Healthy)
Atomiques
5 vs 5 Forward
Center Left Wing Right Wing Time % Phy DF OF
1 Oscar Sundqvist Jonathan Huberdeau Corey Tropp 40 1 2 2
2 Nick Schmaltz Kerby Rychel William Nylander 30 1 2 2
3 Anthony Nigro Jacob De La Rose Max Friberg 20 1 2 2
4 Freddie Hamilton Dalton Smith Bobby Farnham 10 1 2 2
5 vs 5 Defense
Defense Defense Time % Phy DF OF
1 Jordan Schmaltz Travis Sanheim 40 1 2 2
2 Eric Mestery Colby Cohen 30 1 2 2
3 Carl Dahlstrom Connor Clifton 20 1 2 2
4 Jordan Schmaltz Travis Sanheim 10 1 2 2
PowerPlay Forward
Center Left Wing Right Wing Time % Phy DF OF
1 Oscar Sundqvist Jonathan Huberdeau Corey Tropp 60 1 2 2
2 Nick Schmaltz Kerby Rychel William Nylander 40 1 2 2
PowerPlay Defense
Defense Defense Time % Phy DF OF
1 Jordan Schmaltz Travis Sanheim 60 1 2 2
2 Eric Mestery Colby Cohen 40 1 2 2
Penalty Kill 4 Players Forward
Center Wing Time % Phy DF OF
1 Oscar Sundqvist Jacob De La Rose 60 1 2 2
2 Anthony Nigro Max Friberg 40 1 2 2
Penalty Kill 4 Players Defense
Defense Defense Time % Phy DF OF
1 Jordan Schmaltz Colby Cohen 60 1 2 2
2 Eric Mestery Carl Dahlstrom 40 1 2 2
Penalty Kill - 3 Players Forward
Forward Time % Phy DF OF
1 Oscar Sundqvist 60 1 2 2
2 Jacob De La Rose 40 1 2 2
Penalty Kill - 3 Players Defense
Defense Defense Time % Phy DF OF
1 Jordan Schmaltz Colby Cohen 60 1 2 2
2 Eric Mestery Carl Dahlstrom 40 1 2 2
4 vs 4 Forward
Center Wing Time % Phy DF OF
1 Jonathan Huberdeau Corey Tropp 60 1 2 2
2 Oscar Sundqvist William Nylander 40 1 2 2
4 vs 4 Defense
Defense Defense Time % Phy DF OF
1 Jordan Schmaltz Colby Cohen 60 1 2 2
2 Eric Mestery Travis Sanheim 40 1 2 2
Last Minutes Offensive
Center Left Wing Right Wing Defense Defense
Oscar Sundqvist Jonathan Huberdeau William Nylander Jordan Schmaltz Travis Sanheim
Last Minutes Defensive
Center Left Wing Right Wing Defense Defense
Oscar Sundqvist Jacob De La Rose Corey Tropp Jordan Schmaltz Colby Cohen
Goaltenders
Starting : Connor Hellebyuk
Backup : Thatcher Demko
Extra Forwards
Normal : Bobby Farnham, William Nylander, Nick Schmaltz - PP : Bobby Farnham, William Nylander - PK : Nick Schmaltz
Extra Defensemen
Normal : Carl Dahlstrom, Connor Clifton, Eric Mestery - PP : Carl Dahlstrom - PK : Connor Clifton, Eric Mestery
Penalty Shots
Jonathan Huberdeau, Corey Tropp, Max Friberg, Oscar Sundqvist, Bobby Farnham
Scratches
Mike Halmo (Healthy), Michael Chaput (Torn Left Knee Ligaments Injury), Max McCormick (Healthy), Joseph Cramarossa (Healthy), Matt Tennyson (Strained Right Knee Injury)
Nicolas Aube-Kubel (Healthy), Axel Holmstrom (Healthy), Keegan Iverson (Healthy), Andrew Hammond (Healthy)
% Time on Ice - Thunder
Lines # - Real PCT - Wanted PCT - Time Play
Normal Forward
1 - 33% - 40% - 16:06
2 - 29% - 30% - 14:25
3 - 25% - 20% - 12:22
4 - 13% - 10% - 6:23
Normal Defense
1 - 41% - 40% - 20:04
2 - 30% - 30% - 14:45
3 - 20% - 20% - 9:43
4 - 10% - 10% - 4:44
PP Forward
1 - 57% - 60% - 5:00
2 - 43% - 40% - 3:45
PP Defense
1 - 62% - 60% - 5:27
2 - 38% - 40% - 3:18
PK Forward
1 - 67% - 60% - 1:20
2 - 33% - 40% - 0:39
PK Defense
1 - 59% - 60% - 1:10
2 - 41% - 40% - 0:49
PK3 Forward
1 - 0% - 60%
2 - 0% - 40%
PK3 Defense
1 - 0% - 60%
2 - 0% - 40%
44 Forward
1 - 100% - 60% - 0:23
2 - 0% - 40% - 0:00
44 Defense
1 - 100% - 60% - 0:23
2 - 0% - 40% - 0:00
Last Minute Offensive - 0:00
Last Minute Defensive - 0:00
Total
Forward - 60:23
Defense - 60:23
|
% Time on Ice - Atomiques
Lines # - Real PCT - Wanted PCT - Time Play
Normal Forward
1 - 35% - 40% - 17:19
2 - 27% - 30% - 13:15
3 - 22% - 20% - 10:47
4 - 16% - 10% - 7:55
Normal Defense
1 - 42% - 40% - 20:56
2 - 31% - 30% - 15:24
3 - 20% - 20% - 9:58
4 - 6% - 10% - 2:58
PP Forward
1 - 55% - 60% - 1:06
2 - 45% - 40% - 0:53
PP Defense
1 - 59% - 60% - 1:10
2 - 41% - 40% - 0:49
PK Forward
1 - 74% - 60% - 6:30
2 - 26% - 40% - 2:15
PK Defense
1 - 58% - 60% - 5:02
2 - 42% - 40% - 3:43
PK3 Forward
1 - 100% - 60% - 0:23
2 - 0% - 40% - 0:00
PK3 Defense
1 - 100% - 60% - 0:23
2 - 0% - 40% - 0:00
44 Forward
1 - 0% - 60%
2 - 0% - 40%
44 Defense
1 - 0% - 60%
2 - 0% - 40%
Last Minute Offensive - 0:00
Last Minute Defensive - 0:00
Total
Forward - 60:23
Defense - 60:23
|
Play-by-Play
1st period
0:01 of 1st period - Oscar Sundqvist wins face-off versus William Karlsson in neutral zone.
0:06 of 1st period - Snap shot by Corey Tropp.
0:06 of 1st period - Stopped by Niklas Treutle without a rebound.
0:07 of 1st period - William Karlsson wins face-off versus Oscar Sundqvist in Thunder zone.
0:33 of 1st period - Wrist shot by Kerby Rychel.
0:33 of 1st period - Stopped by Niklas Treutle with a rebound.
0:35 of 1st period - Slapshot by Jordan Schmaltz.
0:35 of 1st period - Shot Blocked by Peter Andersson.
0:37 of 1st period - Slapshot by Travis Sanheim.
0:37 of 1st period - Stopped by Niklas Treutle without a rebound.
0:38 of 1st period - Anthony Nigro wins face-off versus Zach Stepan in Thunder zone.
0:39 of 1st period - Snap shot by Max Friberg.
0:39 of 1st period - Stopped by Niklas Treutle without a rebound.
0:40 of 1st period - Anthony Nigro wins face-off versus Jordan Weal in Thunder zone.
0:41 of 1st period - Wrist shot by Max Friberg.
0:41 of 1st period - Stopped by Niklas Treutle without a rebound.
0:42 of 1st period - Jamie McGinn wins face-off versus Anthony Nigro in Thunder zone.
0:51 of 1st period - Slapshot by Jamie McGinn.
0:51 of 1st period - Shot Misses the Net.
1:54 of 1st period - Icing by Oscar Sundqvist.
1:55 of 1st period - William Karlsson wins face-off versus Oscar Sundqvist in Atomiques zone.
2:18 of 1st period - Wrist shot by Max Friberg.
2:18 of 1st period - Stopped by Niklas Treutle with a rebound.
2:20 of 1st period - Snap shot by Max Friberg.
2:20 of 1st period - Deflect By Jacob De La Rose.
2:20 of 1st period - Shot Blocked by Gianluca Curcuruto.
2:20 of 1st period - Puck is out of play.
2:21 of 1st period - Anthony Nigro wins face-off versus Jordan Weal in Thunder zone.
2:48 of 1st period - Snap shot by William Karlsson.
2:48 of 1st period - Stopped by Connor Hellebyuk without a rebound.
2:49 of 1st period - William Karlsson wins face-off versus Oscar Sundqvist in Atomiques zone.
3:33 of 1st period - Jordan Schmaltz is hit by Joey Ryan and loses puck.
3:45 of 1st period - Minor Penalty to Travis Sanheim for Holding.
3:46 of 1st period - Oscar Sundqvist wins face-off versus William Karlsson in Atomiques zone.
4:00 of 1st period - Snap shot by Dany Roussin.
4:00 of 1st period - Deflect By Jordan Schmaltz.
4:00 of 1st period - Stopped by Connor Hellebyuk with a rebound.
4:02 of 1st period - Snap shot by Eric Fehr.
4:02 of 1st period - Goal by Eric Fehr - Thunder : 1 - Atomiques : 0.
4:03 of 1st period - William Karlsson wins face-off versus Oscar Sundqvist in neutral zone.
4:37 of 1st period - Wrist shot by Kerby Rychel.
4:37 of 1st period - Shot Blocked by Zach Stepan.
5:26 of 1st period - Minor Penalty to Nikolay Prokhorkin for Holding.
5:27 of 1st period - Eric Fehr wins face-off versus Oscar Sundqvist in Thunder zone.
5:35 of 1st period - Slapshot by Eric Fehr.
5:35 of 1st period - Shot Blocked by Travis Sanheim.
7:26 of 1st period - Penalty to Nikolay Prokhorkin is over, Nikolay Prokhorkin is back on ice.
7:36 of 1st period - Off-side.
7:37 of 1st period - Max Friberg wins face-off versus Jordan Weal in neutral zone.
8:10 of 1st period - Snap shot by David Wolf.
8:10 of 1st period - Shot Misses the Net.
8:12 of 1st period - Snap shot by David Wolf.
8:12 of 1st period - Stopped by Connor Hellebyuk without a rebound.
8:13 of 1st period - William Karlsson wins face-off versus Oscar Sundqvist in Atomiques zone.
8:35 of 1st period - Icing by Joey Ryan.
8:36 of 1st period - Austin Wuthrich wins face-off versus Nick Schmaltz in Thunder zone.
9:22 of 1st period - Off-side.
9:23 of 1st period - Jordan Weal wins face-off versus Anthony Nigro in neutral zone.
9:36 of 1st period - Slapshot by Jordan Weal.
9:36 of 1st period - Shot Blocked by Travis Sanheim.
9:38 of 1st period - Snap shot by Derek Forbort.
9:38 of 1st period - Shot Misses the Net.
10:09 of 1st period - Snap shot by Austin Wuthrich.
10:09 of 1st period - Stopped by Connor Hellebyuk without a rebound.
10:10 of 1st period - Nick Schmaltz wins face-off versus Zach Stepan in Atomiques zone.
10:10 of 1st period - Nick Schmaltz is hit by Austin Wuthrich.
11:08 of 1st period - Mikko Vainonen is hit by Oscar Sundqvist and loses puck.
11:56 of 1st period - David Wolf is hit by Anthony Nigro and loses puck.
12:13 of 1st period - Wrist shot by Jonathan Huberdeau.
12:13 of 1st period - Stopped by Niklas Treutle with a rebound.
12:15 of 1st period - Slapshot by Oscar Sundqvist.
12:15 of 1st period - Shot Misses the Net.
12:27 of 1st period - Slapshot by Jesper Pettersson.
12:27 of 1st period - Stopped by Connor Hellebyuk with a rebound.
12:53 of 1st period - Wrist shot by Jamie McGinn.
12:53 of 1st period - Shot Misses the Net.
12:55 of 1st period - Snap shot by Austin Poganski.
12:55 of 1st period - Stopped by Connor Hellebyuk with a rebound.
12:57 of 1st period - Wrist shot by Jamie McGinn.
12:57 of 1st period - Stopped by Connor Hellebyuk with a rebound.
13:01 of 1st period - Wrist shot by Jordan Weal.
13:01 of 1st period - Shot Misses the Net.
13:43 of 1st period - Wrist shot by Max Friberg.
13:43 of 1st period - Shot Misses the Net.
13:45 of 1st period - Snap shot by Jacob De La Rose.
13:45 of 1st period - Stopped by Niklas Treutle without a rebound.
13:46 of 1st period - Zach Stepan wins face-off versus Oscar Sundqvist in Thunder zone.
14:01 of 1st period - Backhand shot by David Wolf.
14:01 of 1st period - Stopped by Connor Hellebyuk without a rebound.
14:02 of 1st period - William Karlsson wins face-off versus Kerby Rychel in Atomiques zone.
14:11 of 1st period - Snap shot by Eric Fehr.
14:11 of 1st period - Shot Misses the Net.
14:29 of 1st period - Austin Wuthrich is hit by Oscar Sundqvist and loses puck.
16:38 of 1st period - Snap shot by Nikolay Prokhorkin.
16:38 of 1st period - Shot Blocked by Dalton Smith.
16:50 of 1st period - Dany Roussin is hit by Eric Mestery and loses puck.
19:55 of 1st period - Connor Clifton is hit by Nikolay Prokhorkin and loses puck.
Goals for this period are 1 for Thunder vs 0 for Atomiques.
Shots for this period are 9 for Thunder vs 8 for Atomiques.
2nd period
0:01 of 2nd period - Oscar Sundqvist wins face-off versus William Karlsson in neutral zone.
0:06 of 2nd period - Snap shot by Corey Tropp.
0:06 of 2nd period - Shot Misses the Net.
0:08 of 2nd period - Snap shot by Jonathan Huberdeau.
0:08 of 2nd period - Stopped by Niklas Treutle with a rebound.
0:10 of 2nd period - Snap shot by Oscar Sundqvist.
0:10 of 2nd period - Shot Misses the Net.
0:12 of 2nd period - Snap shot by Corey Tropp.
0:12 of 2nd period - Shot Blocked by William Karlsson.
0:48 of 2nd period - Jamie McGinn is hit by Eric Mestery and loses puck.
0:59 of 2nd period - Snap shot by Dalton Smith.
0:59 of 2nd period - Shot Misses the Net.
1:01 of 2nd period - Slapshot by Bobby Farnham.
1:01 of 2nd period - Shot Misses the Net.
1:11 of 2nd period - Slapshot by Peter Andersson.
1:11 of 2nd period - Stopped by Connor Hellebyuk without a rebound.
1:12 of 2nd period - Jonathan Huberdeau wins face-off versus Vincent Dunn in Atomiques zone.
2:06 of 2nd period - Slapshot by Oscar Sundqvist.
2:06 of 2nd period - Stopped by Niklas Treutle with a rebound.
2:08 of 2nd period - Snap shot by Colby Cohen.
2:08 of 2nd period - Shot Misses the Net.
2:10 of 2nd period - Snap shot by Corey Tropp.
2:10 of 2nd period - Stopped by Niklas Treutle without a rebound.
2:11 of 2nd period - Nick Schmaltz wins face-off versus William Karlsson in Thunder zone.
2:26 of 2nd period - Wrist shot by William Nylander.
2:26 of 2nd period - Stopped by Niklas Treutle without a rebound.
2:27 of 2nd period - Jacob De La Rose wins face-off versus Zach Stepan in Thunder zone.
2:42 of 2nd period - Wrist shot by Anthony Nigro.
2:42 of 2nd period - Shot Blocked by Joey Ryan.
4:04 of 2nd period - Snap shot by Dany Roussin.
4:04 of 2nd period - Stopped by Connor Hellebyuk without a rebound.
4:05 of 2nd period - Nick Schmaltz wins face-off versus William Karlsson in Atomiques zone.
4:14 of 2nd period - Snap shot by Kerby Rychel.
4:14 of 2nd period - Shot Misses the Net.
4:16 of 2nd period - Slapshot by Nick Schmaltz.
4:16 of 2nd period - Stopped by Niklas Treutle without a rebound.
4:17 of 2nd period - Oscar Sundqvist wins face-off versus William Karlsson in Thunder zone.
5:09 of 2nd period - Mikko Vainonen is hit by Max Friberg and loses puck.
6:42 of 2nd period - Travis Sanheim is hit by Austin Wuthrich and loses puck.
7:17 of 2nd period - Slapshot by Austin Wuthrich.
7:17 of 2nd period - Stopped by Connor Hellebyuk with a rebound.
7:22 of 2nd period - Minor Penalty to Eric Mestery for Interference.
7:23 of 2nd period - William Karlsson wins face-off versus Oscar Sundqvist in Atomiques zone.
7:30 of 2nd period - Wrist shot by William Karlsson.
7:30 of 2nd period - Stopped by Connor Hellebyuk with a rebound.
7:32 of 2nd period - Slapshot by William Karlsson.
7:32 of 2nd period - Goal by William Karlsson - Thunder : 2 - Atomiques : 0.
7:33 of 2nd period - Oscar Sundqvist wins face-off versus William Karlsson in neutral zone.
7:38 of 2nd period - Snap shot by Corey Tropp.
7:38 of 2nd period - Stopped by Niklas Treutle with a rebound.
7:40 of 2nd period - Slapshot by Jordan Schmaltz.
7:40 of 2nd period - Shot Blocked by Eric Fehr.
7:48 of 2nd period - Snap shot by Corey Tropp.
7:48 of 2nd period - Goal by Corey Tropp - Thunder : 2 - Atomiques : 1.
7:49 of 2nd period - Eric Fehr wins face-off versus Oscar Sundqvist in neutral zone.
7:54 of 2nd period - Snap shot by William Karlsson.
7:54 of 2nd period - Shot Blocked by Jonathan Huberdeau.
8:19 of 2nd period - Slapshot by Dany Roussin.
8:19 of 2nd period - Deflect By Travis Sanheim.
8:19 of 2nd period - Shot Misses the Net.
8:19 of 2nd period - Puck is out of play.
8:20 of 2nd period - Anthony Nigro wins face-off versus Zach Stepan in Atomiques zone.
8:25 of 2nd period - Max Friberg is hit by David Wolf.
8:56 of 2nd period - Off-side.
8:57 of 2nd period - Oscar Sundqvist wins face-off versus William Karlsson in neutral zone.
9:00 of 2nd period - Slapshot by Travis Sanheim.
9:00 of 2nd period - Shot Misses the Net.
9:02 of 2nd period - Snap shot by Jonathan Huberdeau.
9:02 of 2nd period - Stopped by Niklas Treutle with a rebound.
9:04 of 2nd period - Snap shot by Corey Tropp.
9:04 of 2nd period - Goal by Corey Tropp - Thunder : 2 - Atomiques : 2.
9:05 of 2nd period - William Karlsson wins face-off versus Oscar Sundqvist in neutral zone.
9:20 of 2nd period - Slapshot by Corey Tropp.
9:20 of 2nd period - Shot Blocked by Eric Fehr.
9:46 of 2nd period - Minor Penalty to Colby Cohen for Holding.
9:47 of 2nd period - William Karlsson wins face-off versus Oscar Sundqvist in Atomiques zone.
10:00 of 2nd period - Wrist shot by Dany Roussin.
10:00 of 2nd period - Stopped by Connor Hellebyuk without a rebound.
10:01 of 2nd period - William Karlsson wins face-off versus Oscar Sundqvist in Atomiques zone.
10:10 of 2nd period - Slapshot by Dany Roussin.
10:10 of 2nd period - Stopped by Connor Hellebyuk with a rebound.
10:12 of 2nd period - Wrist shot by Eric Fehr.
10:12 of 2nd period - Shot Blocked by Connor Clifton.
10:14 of 2nd period - Slapshot by Peter Andersson.
10:14 of 2nd period - Shot Misses the Net.
10:16 of 2nd period - Snap shot by William Karlsson.
10:16 of 2nd period - Stopped by Connor Hellebyuk without a rebound.
10:17 of 2nd period - Oscar Sundqvist wins face-off versus William Karlsson in Atomiques zone.
10:30 of 2nd period - Snap shot by William Karlsson.
10:30 of 2nd period - Shot Misses the Net.
11:33 of 2nd period - Oscar Sundqvist is hit by Joey Ryan and loses puck.
11:46 of 2nd period - Penalty to Colby Cohen is over, Colby Cohen is back on ice.
11:50 of 2nd period - Slapshot by Jamie McGinn.
11:50 of 2nd period - Stopped by Connor Hellebyuk with a rebound.
11:52 of 2nd period - Snap shot by Jordan Weal.
11:52 of 2nd period - Stopped by Connor Hellebyuk with a rebound.
11:54 of 2nd period - Slapshot by Austin Poganski.
11:54 of 2nd period - Shot Misses the Net.
12:01 of 2nd period - Snap shot by Austin Poganski.
12:01 of 2nd period - Stopped by Connor Hellebyuk with a rebound.
12:03 of 2nd period - Wrist shot by Austin Poganski.
12:03 of 2nd period - Shot Misses the Net.
13:30 of 2nd period - Slapshot by Travis Sanheim.
13:30 of 2nd period - Shot Misses the Net.
14:44 of 2nd period - Eric Mestery is hit by Dany Roussin and loses puck.
15:01 of 2nd period - Austin Poganski is hit by Max Friberg and loses puck.
16:03 of 2nd period - Wrist shot by Max Friberg.
16:03 of 2nd period - Stopped by Niklas Treutle with a rebound.
16:05 of 2nd period - Snap shot by Max Friberg.
16:05 of 2nd period - Shot Misses the Net.
16:18 of 2nd period - Minor Penalty to Bobby Farnham for Hooking.
16:19 of 2nd period - Zach Stepan wins face-off versus Oscar Sundqvist in Atomiques zone.
18:18 of 2nd period - Penalty to Bobby Farnham is over, Bobby Farnham is back on ice.
18:26 of 2nd period - Snap shot by Max Friberg.
18:26 of 2nd period - Stopped by Niklas Treutle with a rebound.
18:58 of 2nd period - Austin Poganski is hit by Travis Sanheim and loses puck.
19:14 of 2nd period - Slapshot by Bobby Farnham.
19:14 of 2nd period - Stopped by Niklas Treutle with a rebound.
19:42 of 2nd period - Icing by Jonathan Huberdeau.
19:43 of 2nd period - Vincent Dunn wins face-off versus Oscar Sundqvist in Atomiques zone.
19:44 of 2nd period - Snap shot by Eric Fehr.
19:44 of 2nd period - Shot Blocked by Oscar Sundqvist.
19:46 of 2nd period - Slapshot by Mikko Vainonen.
19:46 of 2nd period - Shot Misses the Net.
19:48 of 2nd period - Snap shot by Vincent Dunn.
19:48 of 2nd period - Stopped by Connor Hellebyuk with a rebound.
19:50 of 2nd period - Snap shot by Eric Fehr.
19:50 of 2nd period - Goal by Eric Fehr - Thunder : 3 - Atomiques : 2.
19:51 of 2nd period - Oscar Sundqvist wins face-off versus William Karlsson in neutral zone.
19:59 of 2nd period - Travis Sanheim is hit by Joey Ryan and loses puck.
Goals for this period are 2 for Thunder vs 2 for Atomiques.
Shots for this period are 13 for Thunder vs 12 for Atomiques.
3rd period
0:01 of 3rd period - William Karlsson wins face-off versus Oscar Sundqvist in neutral zone.
0:12 of 3rd period - Snap shot by William Karlsson.
0:12 of 3rd period - Deflect By Eric Fehr.
0:12 of 3rd period - Shot Misses the Net.
0:12 of 3rd period - Puck is out of play.
0:13 of 3rd period - Oscar Sundqvist wins face-off versus Eric Fehr in Atomiques zone.
0:22 of 3rd period - Snap shot by Corey Tropp.
0:22 of 3rd period - Stopped by Niklas Treutle without a rebound.
0:23 of 3rd period - Dany Roussin wins face-off versus Oscar Sundqvist in Thunder zone.
0:47 of 3rd period - Snap shot by Jonathan Huberdeau.
0:47 of 3rd period - Shot Misses the Net.
0:49 of 3rd period - Snap shot by Jonathan Huberdeau.
0:49 of 3rd period - Goal by Jonathan Huberdeau - Thunder : 3 - Atomiques : 3.
0:50 of 3rd period - William Karlsson wins face-off versus Oscar Sundqvist in neutral zone.
0:50 of 3rd period - William Karlsson is hit by Corey Tropp.
1:21 of 3rd period - Slapshot by Derek Forbort.
1:21 of 3rd period - Shot Misses the Net.
1:23 of 3rd period - Minor Penalty to William Nylander for Holding.
1:24 of 3rd period - William Karlsson wins face-off versus Oscar Sundqvist in Atomiques zone.
1:39 of 3rd period - Oscar Sundqvist is hit by Joey Ryan and loses puck.
3:12 of 3rd period - Austin Wuthrich is hit by Jacob De La Rose and loses puck.
3:23 of 3rd period - Penalty to William Nylander is over, William Nylander is back on ice.
3:23 of 3rd period - Snap shot by Jonathan Huberdeau.
3:23 of 3rd period - Stopped by Niklas Treutle with a rebound.
3:32 of 3rd period - Icing by William Nylander.
3:33 of 3rd period - Nick Schmaltz wins face-off versus Jordan Weal in Atomiques zone.
4:02 of 3rd period - Snap shot by Kerby Rychel.
4:02 of 3rd period - Goal by Kerby Rychel - Thunder : 3 - Atomiques : 4.
4:03 of 3rd period - Oscar Sundqvist wins face-off versus William Karlsson in neutral zone.
4:16 of 3rd period - Wrist shot by Jonathan Huberdeau.
4:16 of 3rd period - Shot Misses the Net.
4:35 of 3rd period - Wrist shot by Austin Wuthrich.
4:35 of 3rd period - Shot Blocked by Jordan Schmaltz.
4:37 of 3rd period - Slapshot by Derek Forbort.
4:37 of 3rd period - Shot Blocked by Jordan Schmaltz.
4:57 of 3rd period - Wrist shot by Max Friberg.
4:57 of 3rd period - Stopped by Niklas Treutle with a rebound.
5:17 of 3rd period - Snap shot by Eric Fehr.
5:17 of 3rd period - Shot Misses the Net.
5:19 of 3rd period - Slapshot by Derek Forbort.
5:19 of 3rd period - Deflect By Connor Clifton.
5:19 of 3rd period - Stopped by Connor Hellebyuk without a rebound.
5:20 of 3rd period - Oscar Sundqvist wins face-off versus Zach Stepan in Atomiques zone.
5:28 of 3rd period - Off-side.
5:29 of 3rd period - Zach Stepan wins face-off versus Oscar Sundqvist in neutral zone.
5:31 of 3rd period - Peter Andersson is hit by Eric Mestery and loses puck.
5:42 of 3rd period - Backhand shot by Zach Stepan.
5:42 of 3rd period - Stopped by Connor Hellebyuk without a rebound.
5:43 of 3rd period - Oscar Sundqvist wins face-off versus William Karlsson in Atomiques zone.
5:57 of 3rd period - Wrist shot by Corey Tropp.
5:57 of 3rd period - Stopped by Niklas Treutle without a rebound.
5:58 of 3rd period - William Nylander wins face-off versus Zach Stepan in Thunder zone.
6:36 of 3rd period - Oscar Sundqvist is hit by William Karlsson and loses puck.
7:15 of 3rd period - Slapshot by Travis Sanheim.
7:15 of 3rd period - Stopped by Niklas Treutle without a rebound.
7:16 of 3rd period - Oscar Sundqvist wins face-off versus Zach Stepan in Thunder zone.
7:17 of 3rd period - Snap shot by Jonathan Huberdeau.
7:17 of 3rd period - Stopped by Niklas Treutle without a rebound.
7:18 of 3rd period - William Karlsson wins face-off versus Oscar Sundqvist in Thunder zone.
7:18 of 3rd period - William Karlsson is hit by Eric Mestery.
7:19 of 3rd period - William Karlsson from Thunder is injured at 7:19 of 3rd period (Sprained Left Knee).
7:20 of 3rd period - Oscar Sundqvist wins face-off versus Eric Fehr in Thunder zone.
8:28 of 3rd period - Freddie Hamilton is hit by Peter Andersson and loses puck.
8:45 of 3rd period - Austin Wuthrich is hit by Connor Clifton.
9:29 of 3rd period - Snap shot by Max Friberg.
9:29 of 3rd period - Stopped by Niklas Treutle with a rebound.
9:31 of 3rd period - Slapshot by Travis Sanheim.
9:31 of 3rd period - Stopped by Niklas Treutle without a rebound.
9:32 of 3rd period - Anthony Nigro wins face-off versus Jordan Weal in Thunder zone.
9:46 of 3rd period - Snap shot by Jordan Weal.
9:46 of 3rd period - Shot Blocked by Colby Cohen.
9:48 of 3rd period - Slapshot by Jordan Weal.
9:48 of 3rd period - Stopped by Connor Hellebyuk with a rebound.
10:04 of 3rd period - Snap shot by David Wolf.
10:04 of 3rd period - Shot Misses the Net.
10:06 of 3rd period - Snap shot by David Wolf.
10:06 of 3rd period - Stopped by Connor Hellebyuk with a rebound.
11:11 of 3rd period - Off-side.
11:12 of 3rd period - Zach Stepan wins face-off versus Oscar Sundqvist in neutral zone.
11:35 of 3rd period - Peter Andersson is hit by Kerby Rychel and loses puck.
11:56 of 3rd period - Slapshot by Jordan Schmaltz.
11:56 of 3rd period - Shot Misses the Net.
12:29 of 3rd period - Vincent Dunn is hit by Corey Tropp and loses puck.
12:34 of 3rd period - Snap shot by Jonathan Huberdeau.
12:34 of 3rd period - Shot Misses the Net.
12:36 of 3rd period - Slapshot by Colby Cohen.
12:36 of 3rd period - Shot Blocked by Eric Fehr.
12:38 of 3rd period - Snap shot by Jonathan Huberdeau.
12:38 of 3rd period - Stopped by Niklas Treutle without a rebound.
12:39 of 3rd period - Austin Poganski wins face-off versus Nick Schmaltz in Thunder zone.
12:45 of 3rd period - Minor Penalty to Travis Sanheim for Hooking.
12:46 of 3rd period - Colby Cave wins face-off versus Oscar Sundqvist in Atomiques zone.
12:59 of 3rd period - Backhand shot by Eric Fehr.
12:59 of 3rd period - Shot Misses the Net.
13:11 of 3rd period - Oscar Sundqvist is hit by David Wolf and loses puck.
13:27 of 3rd period - Anthony Nigro is hit by Austin Wuthrich and loses puck.
14:33 of 3rd period - Slapshot by Derek Forbort.
14:33 of 3rd period - Deflect By Colby Cave.
14:33 of 3rd period - Goal by Colby Cave - Thunder : 4 - Atomiques : 4.
14:34 of 3rd period - Nick Schmaltz wins face-off versus Zach Stepan in neutral zone.
14:43 of 3rd period - Kerby Rychel is hit by David Wolf.
14:49 of 3rd period - Zach Stepan is hit by Travis Sanheim and loses puck.
15:01 of 3rd period - Off-side.
15:02 of 3rd period - Oscar Sundqvist wins face-off versus Colby Cave in neutral zone.
15:17 of 3rd period - Snap shot by Jonathan Huberdeau.
15:17 of 3rd period - Stopped by Niklas Treutle without a rebound.
15:18 of 3rd period - Anthony Nigro wins face-off versus Colby Cave in Thunder zone.
15:19 of 3rd period - Snap shot by Max Friberg.
15:19 of 3rd period - Stopped by Niklas Treutle with a rebound.
15:28 of 3rd period - Icing by Eric Fehr.
15:29 of 3rd period - Colby Cave wins face-off versus Oscar Sundqvist in Thunder zone.
15:29 of 3rd period - Colby Cave is hit by Jordan Schmaltz.
15:36 of 3rd period - Icing by Eric Fehr.
15:37 of 3rd period - Colby Cave wins face-off versus Oscar Sundqvist in Thunder zone.
15:37 of 3rd period - Colby Cave is hit by Corey Tropp.
15:43 of 3rd period - Snap shot by Joey Ryan.
15:43 of 3rd period - Shot Misses the Net.
16:22 of 3rd period - Off-side.
16:23 of 3rd period - Anthony Nigro wins face-off versus Zach Stepan in neutral zone.
17:46 of 3rd period - Snap shot by Anthony Nigro.
17:46 of 3rd period - Shot Misses the Net.
18:20 of 3rd period - Joey Ryan is hit by William Nylander and loses puck.
19:12 of 3rd period - Mikko Vainonen is hit by Travis Sanheim and loses puck.
19:26 of 3rd period - Minor Penalty to Bobby Farnham for Interference.
19:27 of 3rd period - Oscar Sundqvist wins face-off versus Zach Stepan in Atomiques zone.
Goals for this period are 1 for Thunder vs 2 for Atomiques.
Shots for this period are 5 for Thunder vs 13 for Atomiques.
Overtime #1
0:01 of 1st overtime period - Oscar Sundqvist wins face-off versus Eric Fehr in neutral zone.
0:04 of 1st overtime period - Slapshot by Colby Cohen.
0:04 of 1st overtime period - Stopped by Niklas Treutle with a rebound.
0:17 of 1st overtime period - Off-side.
0:18 of 1st overtime period - Eric Fehr wins face-off versus Oscar Sundqvist in neutral zone.
0:23 of 1st overtime period - Snap shot by Eric Fehr.
0:23 of 1st overtime period - Goal by Eric Fehr - Thunder : 5 - Atomiques : 4.
Goals for this period are 1 for Thunder vs 0 for Atomiques.
Shots for this period are 1 for Thunder vs 1 for Atomiques.
Back to the Top